 Dungeon Crawl Stone Soup version 0.25.0-46-gbd7b0854d2 (webtiles) character file.

Game seed: 16226905444680762588

134 gyp21 the Shield-Bearer (level 5, 0/28 HPs)
             Began as a Vine Stalker Fighter on July 9, 2020.
             Was an Initiate of Okawaru.
             Slain by an orc priest
             ... wielding a +1 flail of protection
              (1 damage)
             ... on level 3 of the Dungeon on July 13, 2020.
             The game lasted 00:20:42 (1824 turns).

gyp21 the Shield-Bearer (Vine Stalker Fighter)      Turns: 1824, Time: 00:20:43

Health: 0/28       AC:  6    Str: 19    XL:     5   Next: 17%
Magic:  0/6        EV:  7    Int:  8    God:    Okawaru [......]
Gold:   162        SH:  9    Dex: 14    Spells: 4/4 levels left

rFire    . . .     SeeInvis .   a - +0 war axe
rCold    . . .     Gourm    .   c - +0 kite shield
rNeg     . . .     Faith    .   b - +0 scale mail
rPois    .         Spirit   +   (no helmet)
rElec    .         Reflect  .   (no cloak)
rCorr    .         Harm     .   (no gloves)
MR       .....                  (no boots)
Stlth    ..........             (no amulet)
HPRegen  0.49/turn              (no ring)
MPRegen  0.10/turn              (no ring)

@: mighty
A: fangs 2, regeneration 1, magic shield, antimagic bite, no potion heal 3, rot
immunity
a: Renounce Religion


You were on level 3 of the Dungeon.
You worshipped Okawaru.
Okawaru was noncommittal.
You were not hungry.

You visited 1 branch of the dungeon, and saw 4 of its levels.

You collected 162 gold pieces.

Inventory:

Hand Weapons
 a - a +0 war axe (weapon)
 g - a +2 antimagic dagger
 q - a +0 hand crossbow
Missiles
 l - 4 curare-tipped darts (quivered)
Armour
 b - a +0 scale mail (worn)
 c - a +0 kite shield (worn)
Scrolls
 i - 3 scrolls of remove curse {unknown}
 k - a scroll of immolation {unknown}
 n - a scroll of fear {unknown}
 o - a scroll of enchant armour {unknown}
 p - a scroll of teleportation {unknown}
 r - a scroll of enchant weapon {unknown}
Potions
 e - 5 potions of heal wounds
 h - a potion of lignification {unknown}
 j - 2 potions of curing {unknown}
 m - a potion of cancellation {unknown}
 s - a potion of flight {unknown}
Comestibles
 f - 7 rations
 t - 3 chunks of flesh


   Skills:
 + Level 3.4 Fighting
 + Level 2.7 Axes
 + Level 3.1 Armour
 + Level 3.4 Shields


You had 4 spell levels left.
You didn't know any spells.
Your spell library was empty.

Dungeon Overview and Level Annotations

Branches:
Dungeon (4/15)
 Temple: D:4-7

Altars:
Fedhas
Kikubaaqudgha
Okawaru
Yredelemnul


Innate Abilities, Weirdness & Mutations

You have extremely sharp teeth.
Your natural rate of healing is unusually fast.
When hurt, damage is shared between your health and your magic reserves.
Your bite disrupts and absorbs the magic of your enemies.
Potions cannot restore your health.
You are immune to rotting.


Message History

That would not heal you.
You feel very mighty all of a sudden. You block the jackal's attack.
The jackal bites you but does no damage. x2
The orc hits you but does no damage.
You hit the orc priest.
The orc priest is severely wounded.
You hit the jackal. You slash the orc!
You kill the orc!
Okawaru accepts your kill.
You slash the jackal!
You kill the jackal!
Okawaru accepts your kill. You block the jackal's attack.
The orc priest invokes the aid of Beogh against you.
Pain shoots through your body!
* * * LOW HITPOINT WARNING * * *
The jackal completely misses you.
The orc priest hits you with a +1 flail of protection.
You die...

..........
#.#.......#.#.#.##.#
#....####
#.#.....####.#.#.##.#
#.#### #.#.P.P.# #...#.##.#
..## #...._..# ##.#†.##.#
##.## #...P.P.# ##.###.##.#
##.## #.......# #.## #.#.##
#..## #......#####.##
.##...
##...########.o.†.......#.#
####
##.............h@(..).....#
..#...#########)#######.###
.###.## #.........(.# .#
### #########.#.# .# #.#.#
.# #<#.# .# #.#.# .# #.#.#
.# #...#


You could see an orc priest and a jackal.

Vanquished Creatures
  Terence (D:3)
  A worker ant (D:4)
  An ooze (D:1)
  A worm (D:3)
  2 dart slugs (D:1)
  3 leopard geckos
  An orc (D:3)
  2 ball pythons (D:3)
  A bat zombie (D:3)
  3 giant cockroaches
  9 goblins
  7 hobgoblins
  9 jackals
  10 bats
  A frilled lizard (D:2)
  4 kobolds
  5 rats
  A rat zombie (D:3)
62 creatures vanquished.

Notes
Turn   | Place    | Note
-------+----------+-------------------------------------------
     0 | D:1      | gyp21 the Vine Stalker Fighter began the quest for the Orb.
     0 | D:1      | Reached XP level 1. HP: 11/11 MP: 2/2
     0 | D:1      | Upgraded the game from 0.25.0-37-gb73750e0fb to
                  | 0.25.0-46-gbd7b0854d2
    53 | D:1      | Reached XP level 2. HP: 11/16 MP: 3/3
   266 | D:1      | Reached XP level 3. HP: 16/19 MP: 4/4
   463 | D:1      | You fall into a shaft and drop 1 floor!
   997 | D:2      | Gained mutation: Your natural rate of healing is unusually
                  | fast. [Vine Stalker growth]
   997 | D:2      | Reached XP level 4. HP: 24/24 MP: 5/5
  1075 | D:3      | Found an iron altar of Okawaru.
  1079 | D:3      | Noticed Terence
  1095 | D:3      | Killed Terence
  1099 | D:3      | Became a worshipper of Warmaster Okawaru
  1191 | D:3      | Found a basalt altar of Yredelemnul.
  1347 | D:3      | Found an ancient bone altar of Kikubaaqudgha.
  1760 | D:4      | Reached XP level 5. HP: 18/28 MP: 6/6
  1765 | D:4      | Found a blossoming altar of Fedhas.
  1765 | D:4      | Noticed a centaur
  1813 | D:4      | Found an iron altar of Okawaru.
  1824 | D:3      | HP: 1/28 [orc priest/nerve-wracking pain (8)]
  1824 | D:3      | Slain by an orc priest

Illustrated notes

Levels and vault maps discovered:
D:1:      grunt_arrival_lava_bath, layout_loops_ring
D:2:      layout_loops_corners, first_ration, kennysheep_jessica_study
D:3:      layout_loops_ring, nicolae_overflow_crystal_walls,
          lemuel_zombie_altar_kikubaaqudgha, yredelemnul_altar_generic,
          chequers_garden, uniq_terence
D:4:      cheibrodos_helix_gallery, layout_gridville,
          fedhas_bush_and_centaur_altar, minivault_4, okawaru_gym_becter

Skill      XL: |  1  2  3  4 |
---------------+-------------+-----
Axes           | 2 |  2.7
Shields        | 3 |  3.4
Fighting       | 3 |  3.4
Armour         | 3 |  3.1

Action                   |  1- 3 |  4- 6 || total
-------------------------+-------+-------++-------
Melee: War axe           |   105 |    70 ||   175
       Bite              |    19 |    20 ||    39
  Use: Potion            |       |     1 ||     1
  Eat: Chunk             |       |     3 ||     3
Armor: Scale mail        |    58 |    42 ||   100
Dodge: Dodged            |    36 |    36 ||    72
Block: Kite shield       |    65 |    42 ||   107
